 Dungeon Crawl Stone Soup version 0.22.1-1-ga44c0e5 (webtiles) character file.

135 Fang the Chopper (level 5, -1/49 HPs)
             Began as a Gargoyle Berserker on Oct 1, 2018.
             Was a Priest of Trog.
             Slain by an orc wizard
             ... wielding a +0 dagger
              (2 damage)
             ... on level 3 of the Dungeon.
             The game lasted 00:01:48 (1826 turns).

Fang the Chopper (Gargoyle Berserker)               Turns: 1826, Time: 00:01:49

Health: -1/49      AC:  6    Str: 26    XL:     5   Next: 18%
Magic:  5/5        EV: 12    Int:  8    God:    Trog [***...]
Gold:   75         SH:  0    Dex:  9    Spells: 4/4 levels left

rFire    . . .     SeeInvis .   a - +0 hand axe
rCold    . . .     Gourm    .   (no shield)
rNeg     + . .     Faith    +   b - +0 animal skin
rPois    ∞         Spirit   .   (no helmet)
rElec    +         Reflect  .   (no cloak)
rCorr    .         Harm     .   (no gloves)
MR       .....                  (no boots)
Stlth    ..........             d - amulet of faith
HPRegen  0.16/turn              (no ring)
MPRegen  0.09/turn              (no ring)

@: berserking (expiring), very quick
A: negative energy resistance 1, electricity resistance, unbreathing,
petrification resistance, rot immunity, AC +4
a: Berserk, Trog's Hand, Renounce Religion


You were on level 3 of the Dungeon.
You worshipped Trog.
Trog was most pleased with you.
You were near starving.

You visited 1 branch of the dungeon, and saw 3 of its levels.

You collected 75 gold pieces.

Inventory:

Hand Weapons
 a - a +0 hand axe (weapon)
Armour
 b - a +0 animal skin (worn)
Jewellery
 d - an amulet of faith (around neck)
 g - a +3 ring of evasion {unknown}
 m - an uncursed ring of magical power {unknown}
Scrolls
 e - 2 scrolls of enchant weapon {unknown}
 f - 2 scrolls of teleportation {unknown}
 j - a scroll of remove curse {unknown}
 k - 2 scrolls of enchant armour {unknown}
 l - 3 scrolls of identify {unknown}
Potions
 h - a potion of curing {unknown}
 i - a potion of ambrosia {unknown}
 n - a potion of brilliance {unknown}
 o - a potion of heal wounds {unknown}
Comestibles
 c - 4 rations


   Skills:
 + Level 3.9 Fighting
 + Level 4.1 Axes
 + Level 2.3 Armour
 + Level 2.5 Dodging
 + Level 0.7 Stealth


You had 4 spell levels left.
You didn't know any spells.
Your spell library was empty.

Dungeon Overview and Level Annotations

Branches:
Dungeon (3/15)

Altars:
Gozag
Kikubaaqudgha
Ru
The Shining One


Innate Abilities, Weirdness & Mutations

You are resistant to torment.
Your stone body is resilient. (AC +4)
You are immune to poison.
You resist negative energy. (rN+)
You are resistant to electric shocks. (rElec)
You can survive without breathing.
You are immune to petrification.
You are immune to rotting.


Message History

You hit something. Something hits you but does no damage.
You miss something.
You hear some strange, mumbled words.
A puff of flame appears from out of thin air!
The puff of flame misses you.
You closely miss something.
You hear some strange, mumbled words.
A magic dart appears from out of thin air!
The magic dart hits you! Something hits you.
* * * LOW HITPOINT WARNING * * *
You miss something.
You hear some strange, mumbled words.
A puff of frost appears from out of thin air!
The puff of frost hits you!
* * * LOW HITPOINT WARNING * * *
You closely miss something. Something hits you but does no damage.
You miss something. Something hits you.
* * * LOW HITPOINT WARNING * * *
You closely miss something. Something hits you.
You die...

### ..# #.# #.#
# # . #.# .#...
. #.###..'### .
#..@{o..... #
#.###...... #
#.# ##### # #.#
# #.# # #.#
####### #.#
......########.#
#####..........#


You could see an orc.

Vanquished Creatures
  An orc wizard (D:3)
  Robin (D:2)
  An adder (D:2)
  2 worms (D:2)
  2 dart slugs
  2 orcs (D:3)
  3 giant cockroaches
  15 goblins
  11 hobgoblins
  7 jackals
  8 kobolds
  2 ball pythons (D:1)
  2 bats
  5 frilled lizards
  6 rats
68 creatures vanquished.

Notes
Turn   | Place    | Note
-------+----------+-------------------------------------------
     0 | D:1      | Fang the Gargoyle Berserker began the quest for the Orb.
     0 | D:1      | Reached XP level 1. HP: 14/14 MP: 1/1
   270 | D:1      | Reached XP level 2. HP: 14/19 MP: 2/2
   275 | D:1      | Reached skill level 3 in Axes
   715 | D:1      | Reached ** piety under Trog
   746 | D:1      | Reached XP level 3. HP: 22/23 MP: 3/3
  1216 | D:2      | Reached XP level 4. HP: 29/29 MP: 4/4
  1268 | D:2      | Noticed Robin
  1274 | D:2      | Reached *** piety under Trog
  1278 | D:2      | Killed Robin
  1470 | D:2      | Found an opulent altar of Gozag.
  1470 | D:2      | Found an ancient bone altar of Kikubaaqudgha.
  1470 | D:2      | Found a sacrificial altar of Ru.
  1679 | D:2      | Found a glowing golden altar of the Shining One.
  1819 | D:3      | Reached skill level 4 in Axes
  1819 | D:3      | Reached XP level 5. HP: 9/33 MP: 5/5
  1823 | D:3      | HP: 2/49 [something/puff of frost (5)]
  1826 | D:3      | Slain by an orc wizard

Skill      XL: |  1  2  3  4 |
---------------+-------------+-----
Axes           | 3 4 |  4.1
Dodging        | 2 |  2.5
Fighting       | |  3.9
Armour         | |  2.3
Stealth        | |  0.7

Action                   |  1- 3 |  4- 6 || total
-------------------------+-------+-------++-------
Melee: Hand axe          |   104 |    94 ||   198
Invok: Berserk           |     1 |     2 ||     3
  Eat: Chunk             |     2 |     2 ||     4
Armor: Animal skin       |    51 |    28 ||    79
Dodge: Dodged            |   102 |    46 ||   148
